Tucson Roadrunners vs Philadelphia Phantoms
Created - Tuesday, May 13, 2025 at 09:05
Goals
|
| Tucson Roadrunners |
1 |
1 |
0 |
2 |
| Philadelphia Phantoms |
0 |
5 |
0 |
5 |
|
Shots
|
| Tucson Roadrunners |
8 |
15 |
8 |
31 |
| Philadelphia Phantoms |
2 |
23 |
14 |
39 |
|
1st period
1. Tucson Roadrunners , Sheldon Dries 30 (Gage Goncalves 30, Topias Vilen 14) at 19:51
Penalties :
Matt Rempe (PHP) for Fighting (Major) at 5:24, Anthony Richard (TRR) for Fighting (Major) at 5:24
2nd period
2. Tucson Roadrunners , Walker Duehr 29 (Steven Lorentz 45) at 0:13
3. Philadelphia Phantoms , Tye Kartye 35 (Egor Afanasyev 72) at 6:01 (PP)
4. Philadelphia Phantoms , James Malatesta 34 (Reilly Walsh 27, Ryan Winterton 34) at 6:17
5. Philadelphia Phantoms , Louis Crevier 5 (Alex Steeves 36, Luca Del Bel Belluz 46) at 7:53 (PP)
6. Philadelphia Phantoms , James Malatesta 35 (Nils Aman 32) at 8:26
7. Philadelphia Phantoms , Jaret Anderson-Dolan 34 (Lukas Rousek 22, Luca Del Bel Belluz 47) at 13:17
Penalties :
Topias Vilen (TRR) for High sticking (Minor) at 5:59, Johnathan Kovacevic (TRR) for Holding Stick (Minor) at 6:34, Mike Hardman (TRR) for Tripping (Minor) at 14:11, Ondrej Pavel (TRR) for Holding (Minor) at 18:41
3rd period
No Goal
Penalties :
James Malatesta (PHP) for Fighting (Major) at 5:24, Sheldon Dries (TRR) for Fighting (Major) at 5:24, Maksymilian Szuber (TRR) for Roughing (Minor) at 5:27
Goalie Stats
Hunter Shepard (TRR), 34 saves from 39 shots - (0.872), L, 22-12-3, 60:00 minutes
Dennis Hildeby (PHP), 29 saves from 31 shots - (0.935), W, 33-13-5, 60:00 minutes
Players Stats for Tucson Roadrunners
Player Name G A P +/- PIM S H SB GA TA FO MP PP MP PK MP
------------------------------------------------------------------------------------
0 0 0 0 0 0 0 0 0 0 0/0 0:00 0:00 0:00
Anthony Richard 0 0 0 0 5 2 2 0 0 0 8/23 14:39 0:00 3:11
Ben Jones 0 0 0 0 0 1 2 0 0 0 0/0 14:38 0:00 0:00
Brock McGinn 0 0 0 -1 0 3 3 0 0 0 2/12 20:43 0:00 3:11
Gage Goncalves 0 1 1 0 0 3 2 0 0 1 2/4 14:56 0:00 0:00
Johnathan Kovacevic 0 0 0 -1 2 3 1 5 0 0 0/0 25:04 0:00 3:05
Maksymilian Szuber 0 0 0 1 2 2 0 0 0 0 0/0 14:22 0:00 0:00
Maxwell Crozier 0 0 0 -1 0 0 0 2 1 2 0/0 19:56 0:00 3:33
Mike Hardman 0 0 0 0 2 1 2 0 1 1 0/0 17:16 0:00 0:39
Ondrej Pavel 0 0 0 -1 2 2 1 0 0 0 0/0 9:17 0:00 0:03
Owen Sillinger 0 0 0 0 0 1 2 0 2 0 0/0 15:33 0:00 0:44
Robert Hagg 0 0 0 -1 0 1 1 1 0 2 0/0 19:56 0:00 3:33
Sheldon Dries 1 0 1 0 5 2 1 0 0 0 2/5 15:51 0:00 2:58
Steven Lorentz 0 1 1 0 0 1 3 0 2 0 0/0 15:40 0:00 0:00
Tanner Dickinson 0 0 0 0 0 1 0 0 0 0 0/0 4:59 0:00 0:00
Topias Vilen 0 1 1 1 2 1 1 1 0 2 0/0 14:58 0:00 0:40
Tyson Barrie 0 0 0 -1 0 2 2 1 1 0 0/0 25:45 0:00 3:45
Walker Duehr 1 0 1 0 0 5 2 2 0 1 5/16 20:02 0:00 3:50
Zach Dean 0 0 0 -1 0 0 1 0 0 0 2/6 9:00 0:00 0:00
Players Stats for Philadelphia Phantoms
Player Name G A P +/- PIM S H SB GA TA FO MP PP MP PK MP
------------------------------------------------------------------------------------
0 0 0 0 0 0 0 0 0 0 0/0 0:00 0:00 0:00
Adam Klapka 0 0 0 0 0 2 0 1 0 0 5/10 13:06 0:10 0:00
Alex Steeves 0 1 1 -2 0 5 2 0 1 0 1/1 17:12 3:42 0:00
Alex Swetlikoff 0 0 0 0 0 0 0 0 0 0 0/0 13:19 0:50 0:00
Egor Afanasyev 0 1 1 -2 0 2 3 0 3 0 16/24 18:07 3:34 0:00
James Malatesta 2 0 2 2 5 2 3 0 1 0 0/0 15:07 2:40 0:00
Jaret Anderson-Dolan 1 0 1 1 0 4 0 0 0 0 0/1 14:13 0:17 0:00
Louis Crevier 1 0 1 0 0 2 0 1 0 0 0/0 22:02 3:45 0:00
Luca Del Bel Belluz 0 2 2 1 0 3 0 2 0 0 20/24 17:25 3:40 0:00
Lukas Rousek 0 1 1 1 0 5 0 0 0 0 0/0 13:28 0:00 0:00
Marcus Bjork 0 0 0 1 0 4 1 2 0 0 0/0 21:59 3:33 0:00
Matt Rempe 0 0 0 0 5 1 3 0 0 0 0/0 10:51 0:00 0:00
Nick Blankenburg 0 0 0 0 0 0 3 1 0 1 0/0 18:33 0:00 0:00
Nils Aman 0 1 1 2 0 1 1 0 0 1 0/0 13:07 0:00 0:00
Reilly Walsh 0 1 1 1 0 1 0 2 0 1 0/0 21:59 3:33 0:00
Ryan Johnson 0 0 0 0 0 2 1 1 1 1 0/0 19:28 3:45 0:00
Ryan Winterton 0 1 1 2 0 1 2 0 0 1 3/5 16:37 3:27 0:00
Tye Kartye 1 0 1 -2 0 3 2 0 3 2 0/1 17:26 3:34 0:00
Tyler Kleven 0 0 0 0 0 1 1 0 0 0 0/0 15:59 0:00 0:00
3 Stars
1 - James Malatesta (PHP)
2 - Luca Del Bel Belluz (PHP)
3 - Jaret Anderson-Dolan (PHP)
Power Play
Tucson Roadrunners - 0 on 0 Attempt(s) - 0.00%
Philadelphia Phantoms - 2 on 5 Attempt(s) - 40.00%
Penalty Kill
Tucson Roadrunners - 3 on 5 Attempt(s) - 60.00%
- Score 0 goal in Penalty Kill
Philadelphia Phantoms - 0 on 0 Attempt(s) - 0.00%
- Score 0 goal in Penalty Kill
Team Stat
Tucson Roadrunners - Hits : 26 - Faceoff Wins : 21 - Blocked Shots : 12 - Penalty Minutes : 20
Philadelphia Phantoms - Hits : 22 - Faceoff Wins : 45 - Blocked Shots : 10 - Penalty Minutes : 10
Official
Referees : Jordan Samuels and Mitch Dunning
Linesman : Libor Suchanek and Brad Kovachik
Game Notes
Matt Rempe and Anthony Richard fight to a draw at 5:24 of 1st period
James Malatesta beats up Sheldon Dries at 5:24 of 3rd period
Tucson Roadrunners
5 vs 5 Forward
Center Left Wing Right Wing Time % Phy DF OF
1 Anthony Richard Brock McGinn Sheldon Dries 30 1 2 2
2 Walker Duehr Steven Lorentz Mike Hardman 30 1 2 2
3 Gage Goncalves Owen Sillinger Ben Jones 25 1 2 2
4 Zach Dean Ondrej Pavel Brock McGinn 15 1 2 2
5 vs 5 Defense
Defense Defense Time % Phy DF OF
1 Johnathan Kovacevic Tyson Barrie 30 1 2 2
2 Robert Hagg Maxwell Crozier 30 1 2 2
3 Maksymilian Szuber Topias Vilen 25 1 2 2
4 Johnathan Kovacevic Tyson Barrie 15 1 2 2
PowerPlay Forward
Center Left Wing Right Wing Time % Phy DF OF
1 Anthony Richard Brock McGinn Sheldon Dries 50 1 2 2
2 Walker Duehr Steven Lorentz Mike Hardman 50 1 2 2
PowerPlay Defense
Defense Defense Time % Phy DF OF
1 Johnathan Kovacevic Tyson Barrie 50 1 2 2
2 Robert Hagg Maxwell Crozier 50 1 2 2
Penalty Kill 4 Players Forward
Center Wing Time % Phy DF OF
1 Brock McGinn Anthony Richard 50 1 2 2
2 Sheldon Dries Walker Duehr 50 1 2 2
Penalty Kill 4 Players Defense
Defense Defense Time % Phy DF OF
1 Johnathan Kovacevic Tyson Barrie 50 1 2 2
2 Robert Hagg Maxwell Crozier 50 1 2 2
Penalty Kill - 3 Players Forward
Forward Time % Phy DF OF
1 Brock McGinn 50 1 2 2
2 Anthony Richard 50 1 2 2
Penalty Kill - 3 Players Defense
Defense Defense Time % Phy DF OF
1 Johnathan Kovacevic Tyson Barrie 50 1 2 2
2 Robert Hagg Maxwell Crozier 50 1 2 2
4 vs 4 Forward
Center Wing Time % Phy DF OF
1 Brock McGinn Anthony Richard 50 1 2 2
2 Sheldon Dries Walker Duehr 50 1 2 2
4 vs 4 Defense
Defense Defense Time % Phy DF OF
1 Johnathan Kovacevic Tyson Barrie 50 1 2 2
2 Robert Hagg Maxwell Crozier 50 1 2 2
Last Minutes Offensive
Center Left Wing Right Wing Defense Defense
Anthony Richard Brock McGinn Sheldon Dries Johnathan Kovacevic Tyson Barrie
Last Minutes Defensive
Center Left Wing Right Wing Defense Defense
Anthony Richard Brock McGinn Sheldon Dries Johnathan Kovacevic Tyson Barrie
Goaltenders
Starting : Hunter Shepard
Backup : Kaapo Kahkonen
Extra Forwards
Normal : Tanner Dickinson, Gage Goncalves, Owen Sillinger - PP : Tanner Dickinson, Gage Goncalves - PK : Owen Sillinger
Extra Defensemen
Normal : Maksymilian Szuber, Topias Vilen, Robert Hagg - PP : Maksymilian Szuber - PK : Topias Vilen, Robert Hagg
Penalty Shots
Brock McGinn, Anthony Richard, Sheldon Dries, Walker Duehr, Steven Lorentz
Scratches
Samuel Knazko (Healthy), Jack Matier (Healthy), Lleyton Moore (Healthy), Chase Wheatcroft (Healthy), Corson Ceulemans (Healthy)
Trevor Kuntar (Healthy), Hunter Drew (Healthy), Magnus Chrona (Healthy), Georgi Romanov (Healthy), Kevin Mandolese (Healthy)
Arturs Silovs (Healthy)
Philadelphia Phantoms
5 vs 5 Forward
Center Left Wing Right Wing Time % Phy DF OF
1 Egor Afanasyev Tye Kartye Alex Steeves 25 0 1 4
2 Luca Del Bel Belluz Jaret Anderson-Dolan Lukas Rousek 25 0 2 3
3 Ryan Winterton James Malatesta Nils Aman 25 0 2 3
4 Adam Klapka Alex Swetlikoff Matt Rempe 25 0 1 4
5 vs 5 Defense
Defense Defense Time % Phy DF OF
1 Reilly Walsh Marcus Bjork 35 0 3 2
2 Louis Crevier Nick Blankenburg 35 0 3 2
3 Ryan Johnson Tyler Kleven 30 0 3 2
4 Reilly Walsh Marcus Bjork 0 0 3 2
PowerPlay Forward
Center Left Wing Right Wing Time % Phy DF OF
1 Egor Afanasyev Tye Kartye James Malatesta 50 0 0 5
2 Luca Del Bel Belluz Alex Steeves Ryan Winterton 50 0 0 5
PowerPlay Defense
Defense Defense Time % Phy DF OF
1 Louis Crevier Ryan Johnson 50 0 1 4
2 Reilly Walsh Marcus Bjork 50 0 1 4
Penalty Kill 4 Players Forward
Center Wing Time % Phy DF OF
1 Adam Klapka Jaret Anderson-Dolan 50 0 5 0
2 Egor Afanasyev Nils Aman 50 0 5 0
Penalty Kill 4 Players Defense
Defense Defense Time % Phy DF OF
1 Reilly Walsh Marcus Bjork 50 0 5 0
2 Louis Crevier Nick Blankenburg 50 0 5 0
Penalty Kill - 3 Players Forward
Forward Time % Phy DF OF
1 Adam Klapka 50 0 5 0
2 Egor Afanasyev 50 0 5 0
Penalty Kill - 3 Players Defense
Defense Defense Time % Phy DF OF
1 Reilly Walsh Marcus Bjork 50 0 5 0
2 Louis Crevier Nick Blankenburg 50 0 5 0
4 vs 4 Forward
Center Wing Time % Phy DF OF
1 Egor Afanasyev Alex Steeves 50 0 1 4
2 Luca Del Bel Belluz Tye Kartye 50 0 2 3
4 vs 4 Defense
Defense Defense Time % Phy DF OF
1 Reilly Walsh Marcus Bjork 50 0 3 2
2 Louis Crevier Nick Blankenburg 50 0 3 2
Last Minutes Offensive
Center Left Wing Right Wing Defense Defense
Egor Afanasyev Tye Kartye Alex Steeves Louis Crevier Ryan Johnson
Last Minutes Defensive
Center Left Wing Right Wing Defense Defense
Egor Afanasyev Jaret Anderson-Dolan Adam Klapka Louis Crevier Nick Blankenburg
Goaltenders
Starting : Dennis Hildeby
Backup : Jared Moe
Extra Forwards
Normal : Egor Afanasyev, Luca Del Bel Belluz, Alex Swetlikoff - PP : Egor Afanasyev, Luca Del Bel Belluz - PK : Egor Afanasyev
Extra Defensemen
Normal : Louis Crevier, Ryan Johnson, Reilly Walsh - PP : Louis Crevier - PK : Louis Crevier, Ryan Johnson
Penalty Shots
Egor Afanasyev, Alex Steeves, Ryan Winterton, Adam Klapka, James Malatesta
Scratches
Albert Johansson (Healthy), Filip Cederqvist (Healthy), Tyrel Bauer (Healthy), Marcel Marcel (Healthy), Matthew Seminoff (Healthy)
Daniil Misyul (Healthy), Josh Lopina (Healthy), Isaac Poulter (Healthy), Colten Ellis (Healthy)
% Time on Ice - Tucson Roadrunners
Lines # - Real PCT - Wanted PCT - Time Play
Normal Forward
1 - 27% - 30% - 14:07
2 - 30% - 30% - 15:43
3 - 28% - 25% - 14:33
4 - 16% - 15% - 8:19
Normal Defense
1 - 28% - 30% - 14:55
2 - 31% - 30% - 16:23
3 - 27% - 25% - 14:19
4 - 13% - 15% - 7:05
PP Forward
1 - 0% - 50%
2 - 0% - 50%
PP Defense
1 - 0% - 50%
2 - 0% - 50%
PK Forward
1 - 44% - 50% - 3:11
2 - 56% - 50% - 4:07
PK Defense
1 - 51% - 50% - 3:45
2 - 49% - 50% - 3:33
PK3 Forward
1 - 0% - 50%
2 - 0% - 50%
PK3 Defense
1 - 0% - 50%
2 - 0% - 50%
44 Forward
1 - 0% - 50%
2 - 0% - 50%
44 Defense
1 - 0% - 50%
2 - 0% - 50%
Last Minute Offensive - 0:00
Last Minute Defensive - 0:00
Total
Forward - 60:00
Defense - 60:00
|
% Time on Ice - Philadelphia Phantoms
Lines # - Real PCT - Wanted PCT - Time Play
Normal Forward
1 - 25% - 25% - 12:55
2 - 25% - 25% - 13:07
3 - 25% - 25% - 13:07
4 - 26% - 25% - 13:33
Normal Defense
1 - 35% - 35% - 18:21
2 - 36% - 35% - 18:55
3 - 29% - 30% - 15:26
4 - 0% - 0% - 0:00
PP Forward
1 - 53% - 50% - 3:51
2 - 47% - 50% - 3:27
PP Defense
1 - 51% - 50% - 3:45
2 - 49% - 50% - 3:33
PK Forward
1 - 0% - 50%
2 - 0% - 50%
PK Defense
1 - 0% - 50%
2 - 0% - 50%
PK3 Forward
1 - 0% - 50%
2 - 0% - 50%
PK3 Defense
1 - 0% - 50%
2 - 0% - 50%
44 Forward
1 - 0% - 50%
2 - 0% - 50%
44 Defense
1 - 0% - 50%
2 - 0% - 50%
Last Minute Offensive - 0:00
Last Minute Defensive - 0:00
Total
Forward - 60:00
Defense - 60:00
|
Play-by-Play
1st period
0:01 of 1st period - Egor Afanasyev wins face-off versus Anthony Richard in neutral zone.
0:04 of 1st period - Sheldon Dries is hit by Egor Afanasyev and loses puck.
0:31 of 1st period - Lukas Rousek is hit by Walker Duehr and loses puck.
1:31 of 1st period - Wrist shot by Anthony Richard.
1:31 of 1st period - Shot Misses the Net.
1:37 of 1st period - Maxwell Crozier is hit by Alex Steeves and loses puck.
2:06 of 1st period - Ben Jones is hit by Nils Aman.
2:16 of 1st period - Wrist shot by Owen Sillinger.
2:16 of 1st period - Deflect By Gage Goncalves.
2:16 of 1st period - Stopped by Dennis Hildeby with a rebound.
2:18 of 1st period - Snap shot by Ben Jones.
2:18 of 1st period - Shot Blocked by Reilly Walsh.
2:26 of 1st period - Snap shot by Gage Goncalves.
2:26 of 1st period - Stopped by Dennis Hildeby with a rebound.
2:28 of 1st period - Slapshot by Maksymilian Szuber.
2:28 of 1st period - Stopped by Dennis Hildeby with a rebound.
2:36 of 1st period - Slapshot by Tyson Barrie.
2:36 of 1st period - Stopped by Dennis Hildeby with a rebound.
2:38 of 1st period - Snap shot by Ben Jones.
2:38 of 1st period - Shot Misses the Net.
2:58 of 1st period - Wrist shot by Ben Jones.
2:58 of 1st period - Deflect By Gage Goncalves.
2:58 of 1st period - Stopped by Dennis Hildeby with a rebound.
3:23 of 1st period - Ben Jones is hit by Ryan Winterton.
3:27 of 1st period - Wrist shot by James Malatesta.
3:27 of 1st period - Shot Blocked by Topias Vilen.
3:48 of 1st period - Slapshot by James Malatesta.
3:48 of 1st period - Shot Misses the Net.
3:50 of 1st period - Snap shot by Ryan Winterton.
3:50 of 1st period - Shot Blocked by Johnathan Kovacevic.
4:15 of 1st period - Snap shot by Nils Aman.
4:15 of 1st period - Stopped by Hunter Shepard with a rebound.
4:17 of 1st period - Snap shot by Ryan Winterton.
4:17 of 1st period - Shot Misses the Net.
4:19 of 1st period - Backhand shot by Nick Blankenburg.
4:19 of 1st period - Shot Blocked by Tyson Barrie.
4:39 of 1st period - Snap shot by James Malatesta.
4:39 of 1st period - Shot Blocked by Johnathan Kovacevic.
5:10 of 1st period - Off-side.
5:11 of 1st period - Adam Klapka wins face-off versus Walker Duehr in neutral zone.
5:21 of 1st period - Off-side.
5:22 of 1st period - Adam Klapka wins face-off versus Anthony Richard in neutral zone.
5:24 of 1st period - Matt Rempe and Anthony Richard fight to a draw.
5:24 of 1st period - Penalty to Matt Rempe for Fighting.
5:24 of 1st period - Penalty to Anthony Richard for Fighting.
5:25 of 1st period - Adam Klapka wins face-off versus Walker Duehr in Tucson Roadrunners zone.
6:01 of 1st period - Wrist shot by Lukas Rousek.
6:01 of 1st period - Shot Misses the Net.
6:16 of 1st period - Icing by Reilly Walsh.
6:17 of 1st period - Zach Dean wins face-off versus Egor Afanasyev in Philadelphia Phantoms zone.
6:45 of 1st period - Slapshot by Mike Hardman.
6:45 of 1st period - Shot Misses the Net.
6:57 of 1st period - Snap shot by Mike Hardman.
6:57 of 1st period - Stopped by Dennis Hildeby with a rebound.
6:59 of 1st period - Snap shot by Brock McGinn.
6:59 of 1st period - Shot Misses the Net.
7:01 of 1st period - Wrist shot by Tanner Dickinson.
7:01 of 1st period - Stopped by Dennis Hildeby with a rebound.
7:03 of 1st period - Slapshot by Maksymilian Szuber.
7:03 of 1st period - Shot Blocked by Ryan Johnson.
7:53 of 1st period - Louis Crevier is hit by Johnathan Kovacevic and loses puck.
8:06 of 1st period - Sheldon Dries is hit by Nick Blankenburg.
8:16 of 1st period - Ondrej Pavel is hit by Nick Blankenburg.
15:23 of 1st period - Alex Steeves is hit by Gage Goncalves.
16:12 of 1st period - Johnathan Kovacevic is hit by Ryan Johnson and loses puck.
16:50 of 1st period - Tanner Dickinson is hit by Tye Kartye and loses puck.
17:03 of 1st period - Brock McGinn is hit by Marcus Bjork and loses puck.
17:26 of 1st period - Slapshot by Jaret Anderson-Dolan.
17:26 of 1st period - Shot Misses the Net.
17:28 of 1st period - Snap shot by Lukas Rousek.
17:28 of 1st period - Shot Misses the Net.
17:55 of 1st period - Sheldon Dries is hit by James Malatesta and loses puck.
18:12 of 1st period - Jaret Anderson-Dolan is hit by Gage Goncalves.
18:36 of 1st period - Owen Sillinger is hit by Matt Rempe.
18:46 of 1st period - Johnathan Kovacevic is hit by Alex Steeves.
18:47 of 1st period - Icing by Johnathan Kovacevic.
18:48 of 1st period - Egor Afanasyev wins face-off versus Zach Dean in Tucson Roadrunners zone.
19:05 of 1st period - Jaret Anderson-Dolan is hit by Walker Duehr and loses puck.
19:12 of 1st period - Jaret Anderson-Dolan is hit by Steven Lorentz and loses puck.
19:37 of 1st period - Slapshot by Matt Rempe.
19:37 of 1st period - Stopped by Hunter Shepard with a rebound.
19:49 of 1st period - Wrist shot by Gage Goncalves.
19:49 of 1st period - Shot Misses the Net.
19:51 of 1st period - Snap shot by Sheldon Dries.
19:51 of 1st period - Goal by Sheldon Dries - Tucson Roadrunners : 1 - Philadelphia Phantoms : 0.
19:52 of 1st period - Egor Afanasyev wins face-off versus Walker Duehr in neutral zone.
Goals for this period are 1 for Tucson Roadrunners vs 0 for Philadelphia Phantoms.
Shots for this period are 8 for Tucson Roadrunners vs 2 for Philadelphia Phantoms.
2nd period
0:01 of 2nd period - Egor Afanasyev wins face-off versus Walker Duehr in neutral zone.
0:08 of 2nd period - Alex Steeves is hit by Tyson Barrie and loses puck.
0:13 of 2nd period - Snap shot by Walker Duehr.
0:13 of 2nd period - Goal by Walker Duehr - Tucson Roadrunners : 2 - Philadelphia Phantoms : 0.
0:14 of 2nd period - Luca Del Bel Belluz wins face-off versus Walker Duehr in neutral zone.
0:39 of 2nd period - Alex Steeves is hit by Brock McGinn and loses puck.
0:46 of 2nd period - Backhand shot by Sheldon Dries.
0:46 of 2nd period - Stopped by Dennis Hildeby with a rebound.
0:48 of 2nd period - Slapshot by Maxwell Crozier.
0:48 of 2nd period - Deflect By Brock McGinn.
0:48 of 2nd period - Stopped by Dennis Hildeby with a rebound.
0:50 of 2nd period - Snap shot by Brock McGinn.
0:50 of 2nd period - Deflect By Anthony Richard.
0:50 of 2nd period - Shot Misses the Net.
0:50 of 2nd period - Puck is out of play.
0:51 of 2nd period - Luca Del Bel Belluz wins face-off versus Walker Duehr in Philadelphia Phantoms zone.
0:51 of 2nd period - Luca Del Bel Belluz is hit by Mike Hardman.
0:57 of 2nd period - Snap shot by Lukas Rousek.
0:57 of 2nd period - Stopped by Hunter Shepard with a rebound.
0:59 of 2nd period - Snap shot by Lukas Rousek.
0:59 of 2nd period - Stopped by Hunter Shepard with a rebound.
1:01 of 2nd period - Slapshot by Marcus Bjork.
1:01 of 2nd period - Shot Misses the Net.
1:03 of 2nd period - Slapshot by Reilly Walsh.
1:03 of 2nd period - Deflect By Luca Del Bel Belluz.
1:03 of 2nd period - Stopped by Hunter Shepard with a rebound.
1:05 of 2nd period - Slapshot by Reilly Walsh.
1:05 of 2nd period - Shot Misses the Net.
1:07 of 2nd period - Slapshot by Lukas Rousek.
1:07 of 2nd period - Deflect By Walker Duehr.
1:07 of 2nd period - Shot Misses the Net.
1:07 of 2nd period - Puck is out of play.
1:08 of 2nd period - Egor Afanasyev wins face-off versus Anthony Richard in Tucson Roadrunners zone.
1:13 of 2nd period - Snap shot by Egor Afanasyev.
1:13 of 2nd period - Shot Misses the Net.
1:15 of 2nd period - Slapshot by Marcus Bjork.
1:15 of 2nd period - Stopped by Hunter Shepard with a rebound.
1:17 of 2nd period - Snap shot by Tye Kartye.
1:17 of 2nd period - Shot Hit the Post.
1:23 of 2nd period - Snap shot by Egor Afanasyev.
1:23 of 2nd period - Shot Blocked by Johnathan Kovacevic.
1:33 of 2nd period - Anthony Richard is hit by Matt Rempe and loses puck.
1:38 of 2nd period - Snap shot by Adam Klapka.
1:38 of 2nd period - Stopped by Hunter Shepard with a rebound.
1:40 of 2nd period - Slapshot by Louis Crevier.
1:40 of 2nd period - Shot Misses the Net.
1:42 of 2nd period - Slapshot by Alex Swetlikoff.
1:42 of 2nd period - Shot Misses the Net.
1:44 of 2nd period - Slapshot by Alex Swetlikoff.
1:44 of 2nd period - Shot Misses the Net.
1:46 of 2nd period - Wrist shot by Alex Swetlikoff.
1:46 of 2nd period - Shot Misses the Net.
2:44 of 2nd period - Wrist shot by Egor Afanasyev.
2:44 of 2nd period - Stopped by Hunter Shepard with a rebound.
2:46 of 2nd period - Slapshot by Tyler Kleven.
2:46 of 2nd period - Stopped by Hunter Shepard without a rebound.
2:47 of 2nd period - Luca Del Bel Belluz wins face-off versus Walker Duehr in Tucson Roadrunners zone.
2:56 of 2nd period - Snap shot by Luca Del Bel Belluz.
2:56 of 2nd period - Deflect By Jaret Anderson-Dolan.
2:56 of 2nd period - Stopped by Hunter Shepard without a rebound.
2:57 of 2nd period - Luca Del Bel Belluz wins face-off versus Walker Duehr in Tucson Roadrunners zone.
2:58 of 2nd period - Snap shot by Jaret Anderson-Dolan.
2:58 of 2nd period - Deflect By Luca Del Bel Belluz.
2:58 of 2nd period - Shot Misses the Net.
2:58 of 2nd period - Puck is out of play.
2:59 of 2nd period - Walker Duehr wins face-off versus Egor Afanasyev in Tucson Roadrunners zone.
3:06 of 2nd period - Wrist shot by Egor Afanasyev.
3:06 of 2nd period - Shot Misses the Net.
3:37 of 2nd period - Snap shot by Steven Lorentz.
3:37 of 2nd period - Shot Misses the Net.
3:56 of 2nd period - Slapshot by Egor Afanasyev.
3:56 of 2nd period - Shot Blocked by Maxwell Crozier.
3:58 of 2nd period - Wrist shot by Egor Afanasyev.
3:58 of 2nd period - Deflect By Alex Steeves.
3:58 of 2nd period - Shot Misses the Net.
3:58 of 2nd period - Puck is out of play.
3:59 of 2nd period - Luca Del Bel Belluz wins face-off versus Anthony Richard in Tucson Roadrunners zone.
4:00 of 2nd period - Snap shot by Lukas Rousek.
4:00 of 2nd period - Stopped by Hunter Shepard without a rebound.
4:01 of 2nd period - Luca Del Bel Belluz wins face-off versus Anthony Richard in Tucson Roadrunners zone.
4:12 of 2nd period - Wrist shot by Brock McGinn.
4:12 of 2nd period - Stopped by Dennis Hildeby without a rebound.
4:13 of 2nd period - Anthony Richard wins face-off versus Jaret Anderson-Dolan in Philadelphia Phantoms zone.
4:51 of 2nd period - Wrist shot by Owen Sillinger.
4:51 of 2nd period - Stopped by Dennis Hildeby without a rebound.
4:52 of 2nd period - Walker Duehr wins face-off versus Ryan Winterton in Philadelphia Phantoms zone.
5:59 of 2nd period - Minor Penalty to Topias Vilen for High sticking.
6:00 of 2nd period - Egor Afanasyev wins face-off versus Brock McGinn in Tucson Roadrunners zone.
6:01 of 2nd period - Snap shot by Tye Kartye.
6:01 of 2nd period - Goal by Tye Kartye - Tucson Roadrunners : 2 - Philadelphia Phantoms : 1.
6:02 of 2nd period - Ryan Winterton wins face-off versus Anthony Richard in neutral zone.
6:13 of 2nd period - Snap shot by James Malatesta.
6:13 of 2nd period - Shot Misses the Net.
6:15 of 2nd period - Backhand shot by Reilly Walsh.
6:15 of 2nd period - Shot Misses the Net.
6:17 of 2nd period - Snap shot by James Malatesta.
6:17 of 2nd period - Goal by James Malatesta - Tucson Roadrunners : 2 - Philadelphia Phantoms : 2.
6:18 of 2nd period - Anthony Richard wins face-off versus Tye Kartye in neutral zone.
6:25 of 2nd period - Wrist shot by Brock McGinn.
6:25 of 2nd period - Shot Misses the Net.
6:34 of 2nd period - Minor Penalty to Johnathan Kovacevic for Holding Stick.
6:35 of 2nd period - Luca Del Bel Belluz wins face-off versus Sheldon Dries in Tucson Roadrunners zone.
6:35 of 2nd period - Snap shot by Alex Steeves.
6:35 of 2nd period - Stopped by Hunter Shepard without a rebound.
6:36 of 2nd period - Alex Steeves wins face-off versus Sheldon Dries in Tucson Roadrunners zone.
6:43 of 2nd period - Snap shot by Alex Steeves.
6:43 of 2nd period - Stopped by Hunter Shepard with a rebound.
6:45 of 2nd period - Snap shot by Alex Steeves.
6:45 of 2nd period - Deflect By Ryan Winterton.
6:45 of 2nd period - Shot Blocked by Maxwell Crozier.
6:45 of 2nd period - Puck is out of play.
6:46 of 2nd period - Brock McGinn wins face-off versus Egor Afanasyev in Tucson Roadrunners zone.
7:05 of 2nd period - Tyson Barrie is hit by Egor Afanasyev.
7:25 of 2nd period - Slapshot by Alex Steeves.
7:25 of 2nd period - Stopped by Hunter Shepard without a rebound.
7:26 of 2nd period - Brock McGinn wins face-off versus Egor Afanasyev in Tucson Roadrunners zone.
7:37 of 2nd period - Wrist shot by Walker Duehr.
7:37 of 2nd period - Deflect By Tye Kartye.
7:37 of 2nd period - Shot Misses the Net.
7:37 of 2nd period - Puck is out of play.
7:38 of 2nd period - Luca Del Bel Belluz wins face-off versus Sheldon Dries in Philadelphia Phantoms zone.
7:51 of 2nd period - Wrist shot by Alex Steeves.
7:51 of 2nd period - Shot Misses the Net.
7:53 of 2nd period - Slapshot by Louis Crevier.
7:53 of 2nd period - Goal by Louis Crevier - Tucson Roadrunners : 2 - Philadelphia Phantoms : 3.
7:54 of 2nd period - Sheldon Dries wins face-off versus Luca Del Bel Belluz in neutral zone.
7:57 of 2nd period - Slapshot by Brock McGinn.
7:57 of 2nd period - Shot Blocked by Marcus Bjork.
8:05 of 2nd period - Slapshot by Brock McGinn.
8:05 of 2nd period - Shot Blocked by Marcus Bjork.
8:24 of 2nd period - Wrist shot by James Malatesta.
8:24 of 2nd period - Shot Misses the Net.
8:26 of 2nd period - Snap shot by James Malatesta.
8:26 of 2nd period - Goal by James Malatesta - Tucson Roadrunners : 2 - Philadelphia Phantoms : 4.
8:27 of 2nd period - Zach Dean wins face-off versus Adam Klapka in neutral zone.
9:26 of 2nd period - Snap shot by Ben Jones.
9:26 of 2nd period - Stopped by Dennis Hildeby without a rebound.
9:27 of 2nd period - Anthony Richard wins face-off versus Ryan Winterton in Philadelphia Phantoms zone.
10:18 of 2nd period - Snap shot by Jaret Anderson-Dolan.
10:18 of 2nd period - Deflect By Luca Del Bel Belluz.
10:18 of 2nd period - Stopped by Hunter Shepard without a rebound.
10:19 of 2nd period - Anthony Richard wins face-off versus Luca Del Bel Belluz in Tucson Roadrunners zone.
10:28 of 2nd period - Slapshot by Johnathan Kovacevic.
10:28 of 2nd period - Stopped by Dennis Hildeby with a rebound.
10:34 of 2nd period - Wrist shot by Lukas Rousek.
10:34 of 2nd period - Stopped by Hunter Shepard with a rebound.
11:49 of 2nd period - Slapshot by Ryan Johnson.
11:49 of 2nd period - Deflect By Mike Hardman.
11:49 of 2nd period - Stopped by Hunter Shepard without a rebound.
11:50 of 2nd period - Walker Duehr wins face-off versus Adam Klapka in Tucson Roadrunners zone.
12:01 of 2nd period - Snap shot by Mike Hardman.
12:01 of 2nd period - Shot Misses the Net.
12:03 of 2nd period - Slapshot by Robert Hagg.
12:03 of 2nd period - Deflect By Walker Duehr.
12:03 of 2nd period - Stopped by Dennis Hildeby with a rebound.
12:05 of 2nd period - Slapshot by Robert Hagg.
12:05 of 2nd period - Stopped by Dennis Hildeby without a rebound.
12:06 of 2nd period - Egor Afanasyev wins face-off versus Anthony Richard in Philadelphia Phantoms zone.
12:06 of 2nd period - Egor Afanasyev is hit by Brock McGinn.
12:14 of 2nd period - Snap shot by Tyson Barrie.
12:14 of 2nd period - Deflect By Egor Afanasyev.
12:14 of 2nd period - Stopped by Dennis Hildeby with a rebound.
12:16 of 2nd period - Snap shot by Johnathan Kovacevic.
12:16 of 2nd period - Stopped by Dennis Hildeby with a rebound.
12:18 of 2nd period - Snap shot by Anthony Richard.
12:18 of 2nd period - Stopped by Dennis Hildeby without a rebound.
12:19 of 2nd period - Egor Afanasyev wins face-off versus Anthony Richard in Philadelphia Phantoms zone.
12:19 of 2nd period - Egor Afanasyev is hit by Anthony Richard.
13:07 of 2nd period - Slapshot by Tyson Barrie.
13:07 of 2nd period - Shot Misses the Net.
13:09 of 2nd period - Snap shot by Gage Goncalves.
13:09 of 2nd period - Deflect By Owen Sillinger.
13:09 of 2nd period - Shot Misses the Net.
13:09 of 2nd period - Puck is out of play.
13:10 of 2nd period - Luca Del Bel Belluz wins face-off versus Zach Dean in Philadelphia Phantoms zone.
13:15 of 2nd period - Snap shot by Lukas Rousek.
13:15 of 2nd period - Shot Misses the Net.
13:17 of 2nd period - Snap shot by Jaret Anderson-Dolan.
13:17 of 2nd period - Goal by Jaret Anderson-Dolan - Tucson Roadrunners : 2 - Philadelphia Phantoms : 5.
13:18 of 2nd period - Luca Del Bel Belluz wins face-off versus Anthony Richard in neutral zone.
13:20 of 2nd period - Off-side.
13:21 of 2nd period - Anthony Richard wins face-off versus Luca Del Bel Belluz in neutral zone.
13:52 of 2nd period - Wrist shot by Walker Duehr.
13:52 of 2nd period - Stopped by Dennis Hildeby with a rebound.
13:54 of 2nd period - Slapshot by Johnathan Kovacevic.
13:54 of 2nd period - Stopped by Dennis Hildeby without a rebound.
13:55 of 2nd period - Walker Duehr wins face-off versus Adam Klapka in Philadelphia Phantoms zone.
14:02 of 2nd period - Snap shot by Steven Lorentz.
14:02 of 2nd period - Deflect By Mike Hardman.
14:02 of 2nd period - Shot Misses the Net.
14:02 of 2nd period - Puck is out of play.
14:03 of 2nd period - Walker Duehr wins face-off versus Adam Klapka in Philadelphia Phantoms zone.
14:04 of 2nd period - Snap shot by Steven Lorentz.
14:04 of 2nd period - Stopped by Dennis Hildeby with a rebound.
14:11 of 2nd period - Minor Penalty to Mike Hardman for Tripping.
14:12 of 2nd period - Egor Afanasyev wins face-off versus Brock McGinn in Tucson Roadrunners zone.
14:12 of 2nd period - Snap shot by Tye Kartye.
14:12 of 2nd period - Shot Blocked by Robert Hagg.
14:14 of 2nd period - Slapshot by Tye Kartye.
14:14 of 2nd period - Deflect By Anthony Richard.
14:14 of 2nd period - Shot Misses the Net.
14:14 of 2nd period - Puck is out of play.
14:15 of 2nd period - Egor Afanasyev wins face-off versus Brock McGinn in Tucson Roadrunners zone.
14:38 of 2nd period - Robert Hagg is hit by James Malatesta.
14:48 of 2nd period - Wrist shot by Tye Kartye.
14:48 of 2nd period - Shot Blocked by Walker Duehr.
14:50 of 2nd period - Wrist shot by Louis Crevier.
14:50 of 2nd period - Stopped by Hunter Shepard without a rebound.
14:51 of 2nd period - Luca Del Bel Belluz wins face-off versus Brock McGinn in Tucson Roadrunners zone.
14:52 of 2nd period - Slapshot by Alex Steeves.
14:52 of 2nd period - Deflect By Johnathan Kovacevic.
14:52 of 2nd period - Stopped by Hunter Shepard without a rebound.
14:53 of 2nd period - Luca Del Bel Belluz wins face-off versus Brock McGinn in Tucson Roadrunners zone.
15:27 of 2nd period - Snap shot by James Malatesta.
15:27 of 2nd period - Shot Misses the Net.
15:37 of 2nd period - Wrist shot by Anthony Richard.
15:37 of 2nd period - Shot Blocked by Luca Del Bel Belluz.
16:11 of 2nd period - Penalty to Mike Hardman is over, Mike Hardman is back on ice.
16:41 of 2nd period - Off-side.
16:42 of 2nd period - Gage Goncalves wins face-off versus Luca Del Bel Belluz in neutral zone.
17:11 of 2nd period - Zach Dean is hit by James Malatesta and loses puck.
17:26 of 2nd period - Snap shot by Egor Afanasyev.
17:26 of 2nd period - Deflect By Alex Steeves.
17:26 of 2nd period - Shot Misses the Net.
17:26 of 2nd period - Puck is out of play.
17:27 of 2nd period - Egor Afanasyev wins face-off versus Walker Duehr in Tucson Roadrunners zone.
18:18 of 2nd period - Tyson Barrie is hit by Ryan Winterton and loses puck.
18:35 of 2nd period - Wrist shot by Jaret Anderson-Dolan.
18:35 of 2nd period - Deflect By Tyson Barrie.
18:35 of 2nd period - Shot Misses the Net.
18:35 of 2nd period - Puck is out of play.
18:36 of 2nd period - Luca Del Bel Belluz wins face-off versus Zach Dean in Tucson Roadrunners zone.
18:39 of 2nd period - Wrist shot by Luca Del Bel Belluz.
18:39 of 2nd period - Shot Misses the Net.
18:41 of 2nd period - Minor Penalty to Ondrej Pavel for Holding.
18:42 of 2nd period - Luca Del Bel Belluz wins face-off versus Brock McGinn in Tucson Roadrunners zone.
18:49 of 2nd period - Slapshot by Alex Steeves.
18:49 of 2nd period - Stopped by Hunter Shepard with a rebound.
19:02 of 2nd period - Off-side.
19:03 of 2nd period - Sheldon Dries wins face-off versus Egor Afanasyev in neutral zone.
19:10 of 2nd period - Snap shot by Walker Duehr.
19:10 of 2nd period - Shot Misses the Net.
19:26 of 2nd period - Wrist shot by Walker Duehr.
19:26 of 2nd period - Deflect By Sheldon Dries.
19:26 of 2nd period - Shot Misses the Net.
19:26 of 2nd period - Puck is out of play.
19:27 of 2nd period - Luca Del Bel Belluz wins face-off versus Brock McGinn in Philadelphia Phantoms zone.
19:42 of 2nd period - Wrist shot by Alex Steeves.
19:42 of 2nd period - Deflect By Ryan Winterton.
19:42 of 2nd period - Shot Blocked by Johnathan Kovacevic.
19:42 of 2nd period - Puck is out of play.
19:43 of 2nd period - Anthony Richard wins face-off versus Egor Afanasyev in Tucson Roadrunners zone.
Goals for this period are 1 for Tucson Roadrunners vs 5 for Philadelphia Phantoms.
Shots for this period are 15 for Tucson Roadrunners vs 23 for Philadelphia Phantoms.
3rd period
0:01 of 3rd period - Luca Del Bel Belluz wins face-off versus Brock McGinn in neutral zone.
0:06 of 3rd period - Snap shot by Alex Steeves.
0:06 of 3rd period - Shot Misses the Net.
0:08 of 3rd period - Snap shot by Alex Steeves.
0:08 of 3rd period - Shot Misses the Net.
0:10 of 3rd period - Slapshot by Marcus Bjork.
0:10 of 3rd period - Deflect By Alex Steeves.
0:10 of 3rd period - Shot Misses the Net.
0:10 of 3rd period - Puck is out of play.
0:11 of 3rd period - Luca Del Bel Belluz wins face-off versus Brock McGinn in Tucson Roadrunners zone.
0:32 of 3rd period - Johnathan Kovacevic is hit by Tye Kartye and loses puck.
0:41 of 3rd period - Penalty to Ondrej Pavel is over, Ondrej Pavel is back on ice.
0:53 of 3rd period - Wrist shot by Adam Klapka.
0:53 of 3rd period - Shot Misses the Net.
0:55 of 3rd period - Snap shot by Adam Klapka.
0:55 of 3rd period - Stopped by Hunter Shepard with a rebound.
0:57 of 3rd period - Slapshot by Marcus Bjork.
0:57 of 3rd period - Stopped by Hunter Shepard without a rebound.
0:58 of 3rd period - Adam Klapka wins face-off versus Gage Goncalves in Tucson Roadrunners zone.
1:23 of 3rd period - Luca Del Bel Belluz is hit by Sheldon Dries and loses puck.
1:30 of 3rd period - Snap shot by Brock McGinn.
1:30 of 3rd period - Stopped by Dennis Hildeby without a rebound.
1:31 of 3rd period - Egor Afanasyev wins face-off versus Anthony Richard in Philadelphia Phantoms zone.
1:31 of 3rd period - Egor Afanasyev is hit by Topias Vilen.
2:24 of 3rd period - Luca Del Bel Belluz is hit by Ondrej Pavel and loses puck.
2:37 of 3rd period - Wrist shot by Ben Jones.
2:37 of 3rd period - Deflect By Matt Rempe.
2:37 of 3rd period - Shot Blocked by Louis Crevier.
2:37 of 3rd period - Puck is out of play.
2:38 of 3rd period - Adam Klapka wins face-off versus Gage Goncalves in Philadelphia Phantoms zone.
3:21 of 3rd period - Snap shot by Adam Klapka.
3:21 of 3rd period - Shot Blocked by Walker Duehr.
4:13 of 3rd period - Snap shot by Egor Afanasyev.
4:13 of 3rd period - Shot Misses the Net.
4:28 of 3rd period - Snap shot by Walker Duehr.
4:28 of 3rd period - Stopped by Dennis Hildeby without a rebound.
4:29 of 3rd period - Luca Del Bel Belluz wins face-off versus Walker Duehr in Philadelphia Phantoms zone.
4:42 of 3rd period - Slapshot by Walker Duehr.
4:42 of 3rd period - Stopped by Dennis Hildeby with a rebound.
4:44 of 3rd period - Snap shot by Mike Hardman.
4:44 of 3rd period - Shot Blocked by Reilly Walsh.
4:46 of 3rd period - Wrist shot by Mike Hardman.
4:46 of 3rd period - Shot Misses the Net.
4:48 of 3rd period - Backhand shot by Maksymilian Szuber.
4:48 of 3rd period - Deflect By Lukas Rousek.
4:48 of 3rd period - Stopped by Dennis Hildeby without a rebound.
4:49 of 3rd period - Egor Afanasyev wins face-off versus Anthony Richard in Philadelphia Phantoms zone.
5:00 of 3rd period - Snap shot by Anthony Richard.
5:00 of 3rd period - Stopped by Dennis Hildeby without a rebound.
5:01 of 3rd period - Ryan Winterton wins face-off versus Anthony Richard in Philadelphia Phantoms zone.
5:01 of 3rd period - Ryan Winterton is hit by Tyson Barrie.
5:07 of 3rd period - Slapshot by Reilly Walsh.
5:07 of 3rd period - Stopped by Hunter Shepard without a rebound.
5:08 of 3rd period - Ryan Winterton wins face-off versus Anthony Richard in Tucson Roadrunners zone.
5:24 of 3rd period - James Malatesta beats up Sheldon Dries.
5:24 of 3rd period - Penalty to James Malatesta for Fighting.
5:24 of 3rd period - Penalty to Sheldon Dries for Fighting.
5:25 of 3rd period - Anthony Richard wins face-off versus Egor Afanasyev in Tucson Roadrunners zone.
5:27 of 3rd period - Minor Penalty to Maksymilian Szuber for Roughing.
5:28 of 3rd period - Luca Del Bel Belluz wins face-off versus Brock McGinn in Tucson Roadrunners zone.
7:27 of 3rd period - Penalty to Maksymilian Szuber is over, Maksymilian Szuber is back on ice.
7:50 of 3rd period - Brock McGinn is hit by Matt Rempe.
8:00 of 3rd period - Marcus Bjork is hit by Brock McGinn.
8:21 of 3rd period - Nick Blankenburg is hit by Ben Jones and loses puck.
9:16 of 3rd period - Tyler Kleven is hit by Steven Lorentz and loses puck.
10:32 of 3rd period - Tyler Kleven is hit by Steven Lorentz and loses puck.
11:38 of 3rd period - Reilly Walsh is hit by Ben Jones and loses puck.
11:52 of 3rd period - Slapshot by Tyson Barrie.
11:52 of 3rd period - Shot Misses the Net.
12:10 of 3rd period - Tyler Kleven is hit by Zach Dean and loses puck.
13:41 of 3rd period - Tyler Kleven is hit by Mike Hardman and loses puck.
13:54 of 3rd period - Alex Steeves is hit by Owen Sillinger and loses puck.
13:59 of 3rd period - Wrist shot by Ben Jones.
13:59 of 3rd period - Shot Blocked by Nick Blankenburg.
14:01 of 3rd period - Backhand shot by Gage Goncalves.
14:01 of 3rd period - Deflect By Tye Kartye.
14:01 of 3rd period - Shot Misses the Net.
14:01 of 3rd period - Puck is out of play.
14:02 of 3rd period - Anthony Richard wins face-off versus Adam Klapka in Philadelphia Phantoms zone.
14:03 of 3rd period - Slapshot by Tyson Barrie.
14:03 of 3rd period - Shot Blocked by Adam Klapka.
14:09 of 3rd period - Reilly Walsh is hit by Anthony Richard and loses puck.
14:34 of 3rd period - Nils Aman is hit by Robert Hagg and loses puck.
14:47 of 3rd period - Wrist shot by Luca Del Bel Belluz.
14:47 of 3rd period - Shot Misses the Net.
14:49 of 3rd period - Slapshot by Marcus Bjork.
14:49 of 3rd period - Stopped by Hunter Shepard with a rebound.
14:51 of 3rd period - Snap shot by Jaret Anderson-Dolan.
14:51 of 3rd period - Stopped by Hunter Shepard with a rebound.
14:53 of 3rd period - Snap shot by Lukas Rousek.
14:53 of 3rd period - Stopped by Hunter Shepard with a rebound.
14:55 of 3rd period - Slapshot by Marcus Bjork.
14:55 of 3rd period - Deflect By Luca Del Bel Belluz.
14:55 of 3rd period - Stopped by Hunter Shepard with a rebound.
14:57 of 3rd period - Wrist shot by Marcus Bjork.
14:57 of 3rd period - Stopped by Hunter Shepard with a rebound.
15:07 of 3rd period - Brock McGinn is hit by Tyler Kleven and loses puck.
15:58 of 3rd period - Off-side.
15:59 of 3rd period - Luca Del Bel Belluz wins face-off versus Zach Dean in neutral zone.
16:28 of 3rd period - Wrist shot by Jaret Anderson-Dolan.
16:28 of 3rd period - Stopped by Hunter Shepard with a rebound.
16:36 of 3rd period - Slapshot by Topias Vilen.
16:36 of 3rd period - Deflect By Ondrej Pavel.
16:36 of 3rd period - Stopped by Dennis Hildeby with a rebound.
16:38 of 3rd period - Wrist shot by Topias Vilen.
16:38 of 3rd period - Shot Blocked by Luca Del Bel Belluz.
16:40 of 3rd period - Wrist shot by Ondrej Pavel.
16:40 of 3rd period - Stopped by Dennis Hildeby without a rebound.
16:41 of 3rd period - Egor Afanasyev wins face-off versus Walker Duehr in Philadelphia Phantoms zone.
16:52 of 3rd period - Slapshot by Tyson Barrie.
16:52 of 3rd period - Shot Misses the Net.
17:13 of 3rd period - Wrist shot by Ryan Winterton.
17:13 of 3rd period - Stopped by Hunter Shepard with a rebound.
17:15 of 3rd period - Slapshot by Ryan Johnson.
17:15 of 3rd period - Shot Misses the Net.
17:17 of 3rd period - Slapshot by Ryan Johnson.
17:17 of 3rd period - Stopped by Hunter Shepard with a rebound.
17:19 of 3rd period - Wrist shot by Nils Aman.
17:19 of 3rd period - Shot Blocked by Johnathan Kovacevic.
17:50 of 3rd period - Steven Lorentz is hit by Nick Blankenburg.
17:53 of 3rd period - Off-side.
17:54 of 3rd period - Egor Afanasyev wins face-off versus Anthony Richard in neutral zone.
18:01 of 3rd period - Snap shot by Tye Kartye.
18:01 of 3rd period - Stopped by Hunter Shepard without a rebound.
18:02 of 3rd period - Egor Afanasyev wins face-off versus Anthony Richard in Tucson Roadrunners zone.
18:17 of 3rd period - Snap shot by Tye Kartye.
18:17 of 3rd period - Stopped by Hunter Shepard with a rebound.
18:47 of 3rd period - Nick Blankenburg is hit by Owen Sillinger.
18:55 of 3rd period - Slapshot by Topias Vilen.
18:55 of 3rd period - Stopped by Dennis Hildeby with a rebound.
19:27 of 3rd period - Slapshot by Egor Afanasyev.
19:27 of 3rd period - Stopped by Hunter Shepard without a rebound.
19:28 of 3rd period - Gage Goncalves wins face-off versus Egor Afanasyev in Tucson Roadrunners zone.
19:55 of 3rd period - Owen Sillinger is hit by Egor Afanasyev and loses puck.
Goals for this period are 0 for Tucson Roadrunners vs 0 for Philadelphia Phantoms.
Shots for this period are 8 for Tucson Roadrunners vs 14 for Philadelphia Phantoms.
Back to the Top